 Dungeon Crawl Stone Soup version 0.29.0-4-gdea44cf6ec (webtiles) character file.

Game seed: 1377000826801860688

588 qw the Chopper (level 7, -4/61 HPs)
             Began as a Gargoyle Berserker on Sept 5, 2022.
             Was a Believer of Trog.
             Slain by an ancient zyme (10 damage)
             ... on level 1 of the Abyss.
             The game lasted 00:01:08 (2967 turns).

qw the Chopper (Gargoyle Berserker)                 Turns: 2967, Time: 00:01:09

Health: -4/61      AC: 12    Str: 23    XL:     7   Next: 38%
Magic:  7/7        EV: 11    Int:  7    God:    Trog [**....]
Gold:   101        SH:  0    Dex:  9    Spells: 6/6 levels left

rFire   + . .      SeeInvis .   Y - +0 hand axe
rCold   . . .      Faith    .   (no shield)
rNeg    + . .      Spirit   .   j - +2 ring mail {rF+}
rPois   inf        Reflect  .   (no helmet)
rElec   +          Harm     .   (no cloak)
rCorr   .          Rampage  .   (no gloves)
Will    .....                   (no boots)
Stlth   ..........              (no amulet)
HPRegen 0.20/turn               (no ring)
MPRegen 0.10/turn               (no ring)

@: berserking, weakened, very quick
A: sickness immunity, AC +4, negative energy resistance 1, electricity
resistance, torment resistance 1, petrification resistance
a: Renounce Religion, Berserk, Trog's Hand


You were on level 1 of the Abyss.
You worshipped Trog.
Trog was pleased with you.
You visited 1 branch of the dungeon, and saw 4 of its levels.
You visited the Abyss 1 time.

You collected 101 gold pieces.


Innate Abilities, Weirdness & Mutations

You are immune to sickness and miasma.
Your stone body is resilient. (AC +4)
You are immune to poison.
You resist negative energy. (rN+)
You are resistant to electric shocks. (rElec)
You are resistant to unholy torment.
You are immune to petrification.


   Skills:
 + Level 3.3 Fighting
 - Level 7.3 Axes
 - Level 1.4 Throwing
 - Level 2.1 Armour
 - Level 1.5 Dodging


You had 6 spell levels left.
You didn't know any spells.
Your spell library was empty.

Inventory:

Hand Weapons
 g - a +0 flail
 Y - a +0 hand axe (weapon)
Missiles
 c - 4 silver boomerangs (quivered)
Armour
 j - a +2 ring mail of fire resistance (worn)
Scrolls
 a - a scroll of identify
 e - a scroll of teleportation
Potions
 b - a potion of curing
 d - a potion of brilliance {unknown}
 f - a potion of resistance {unknown}

Dungeon Overview and Level Annotations

Branches:
Dungeon (4/15)
 Temple: D:4-7

Altars:
Dithmenos


Message History

The orange demon is lightly wounded.
The orange demon stings you!
The orange demon hits you but does no damage.
You slash the orange demon!
The orange demon is moderately wounded.
The orange demon stings you. The orange demon hits you.
You feel your attacks grow feeble.
A small abomination comes into view.
You barely miss the orange demon.
The orange demon is moderately wounded.
The orange demon closely misses you. The orange demon hits you.
You closely miss the orange demon.
The orange demon is moderately wounded.
The orange demon stings you but does no damage.
The orange demon closely misses you.
You hit the orange demon but do no damage.
The orange demon is moderately wounded.
The orange demon stings you but does no damage.
The orange demon completely misses you.
You barely miss the orange demon.
The orange demon is moderately wounded.
You hit the ancient zyme but do no damage.
The orange demon stings you!
The orange demon hits you but does no damage.
The ancient zyme hits you but does no damage.
The ancient zyme barely misses you.
2966 ||| INVOKING Berserk.
A red film seems to cover your vision as you go berserk!
You feel yourself moving faster!
You feel mighty!
The orange demon stings you but does no damage.
The orange demon hits you but does no damage.
The ancient zyme hits you! The ancient zyme hits you.
You barely miss the orange demon.
The orange demon is moderately wounded.
You hit the small abomination.
You hit the ancient zyme but do no damage.
The small abomination hits you but does no damage.
The orange demon stings you. The orange demon hits you.
The ancient zyme hits you!
You die...

## ###.###
....... . 7
.#...#####..~~
#.4@?.....~.
..##..xx....#.~
#..#.......#
#..#........#
#. #....#...# #
##......#..
...#.#.##..
#...#...# ..


You could see an orange demon, an ancient zyme and a small abomination.

Vanquished Creatures
  Pikel (D:4)
  A lemure (D:4)
  A hound (D:4)
  4 gnolls
  2 adders (D:2)
  A dart slug (D:1)
  An orc (D:2)
  4 bats
  6 endoplasms
  5 giant cockroaches
  A goblin (D:2)
  4 hobgoblins
  3 jackals (D:1)
  A quokka (D:2)
  3 ball pythons
  A frilled lizard (D:2)
  3 kobolds
  6 rats
48 creatures vanquished.

Notes
Turn   | Place    | Note
-------+----------+-------------------------------------------
     0 | D:1      | qw the Gargoyle Berserker began the quest for the Orb.
     0 | D:1      | Reached XP level 1. HP: 14/14 MP: 1/1
     0 | D:1      | 0 ||| qw: Version: 0.1-a-104-g96f76f8
     0 | D:1      | 0 ||| qw: Game counter: 5976
     0 | D:1      | 0 ||| qw: Always use a shield: true
     0 | D:1      | 0 ||| qw: Do Orc after D:15 true
     0 | D:1      | 0 ||| qw: Do second Lair branch before Depths: true
     0 | D:1      | 0 ||| qw: Lair rune preference: random
     0 | D:1      | 0 ||| qw: Plans: Normal
     0 | D:1      | 0 ||| PLANNING D:1-11
    96 | D:1      | Found a faded altar of an unknown god.
   119 | D:1      | Reached skill level 3 in Axes
   207 | D:1      | 207 ||| Stepping ~*~*~tactically~*~*~ (stealth).
   213 | D:1      | Reached XP level 2. HP: 17/19 MP: 2/2
   343 | D:1      | 343 ||| Stepping ~*~*~tactically~*~*~ (stealth).
   919 | D:1      | 919 ||| INVOKING Berserk.
   921 | D:1      | Reached XP level 3. HP: 16/23 MP: 3/3
  1242 | D:1      | Reached skill level 4 in Axes
  1298 | D:1      | 1298 ||| READING scroll labelled XUIS RENAEXZEN.
  1303 | D:1      | 1303 ||| READING scroll labelled ICIVOS SIMP.
  1304 | D:1      | 1304 ||| DRINKING 2 emerald potions.
  1305 | D:1      | 1305 ||| DROPPING potion of flight.
  1534 | D:2      | 1534 ||| DROPPING +0 club.
  1876 | D:2      | 1876 ||| Stepping ~*~*~tactically~*~*~ (stealth).
  1882 | D:2      | 1882 ||| Stepping ~*~*~tactically~*~*~ (stealth).
  1905 | D:2      | 1905 ||| Stepping ~*~*~tactically~*~*~ (stealth).
  1922 | D:2      | Reached XP level 4. HP: 26/28 MP: 4/4
  1963 | D:2      | Reached ** piety under Trog
  2077 | D:2      | You fall into a shaft and drop 2 floors!
  2103 | D:4      | 2103 ||| Stepping ~*~*~tactically~*~*~ (stealth).
  2107 | D:4      | Noticed Pikel
  2108 | D:4      | Noticed a lemure
  2112 | D:4      | Noticed a lemure
  2113 | D:4      | 2113 ||| INVOKING Berserk.
  2114 | D:4      | Noticed a lemure
  2119 | D:4      | Killed a lemure
  2120 | D:4      | HP: 7/42 [lemure[Pikel] (5)]
  2123 | D:4      | Noticed a lemure
  2125 | D:4      | HP: 2/42 [lemure[Pikel] (4)]
  2126 | D:4      | Killed Pikel
  2127 | D:4      | Reached skill level 7 in Axes
  2127 | D:4      | Reached XP level 5. HP: 2/32 MP: 5/5
  2127 | D:4      | Reached XP level 6. HP: 2/37 MP: 6/6
  2127 | D:4      | Reached XP level 7. HP: 3/41 MP: 7/7
  2221 | D:4      | 2221 ||| INVOKING Berserk.
  2231 | D:4      | 2231 ||| Stepping ~*~*~tactically~*~*~ (stealth).
  2397 | D:4      | 2397 ||| Stepping ~*~*~tactically~*~*~ (stealth).
  2408 | D:4      | Reached skill level 1 in Throwing
  2559 | D:4      | 2559 ||| DROPPING +0 whip.
  2563 | D:4      | 2563 ||| DROPPING +0 whip of electrocution.
  2569 | D:4      | 2569 ||| UPGRADING to +0 leather armour.
  2579 | D:4      | 2579 ||| DROPPING +0 animal skin.
  2580 | D:4      | 2580 ||| UPGRADING to +2 ring mail of fire resistance.
  2590 | D:4      | 2590 ||| DROPPING +0 leather armour.
  2591 | D:4      | 2591 ||| READING 2 scrolls labelled PALERUE SAYS.
  2592 | D:4      | 2592 ||| READING scroll labelled QENIEDE JU WOY.
  2593 | D:4      | 2593 ||| DROPPING scroll of fear.
  2600 | D:3      | Found a shadowy altar of Dithmenos.
  2711 | D:3      | 2711 ||| READING 2 scrolls of identify.
  2711 | D:3      | 2711 ||| IDENTIFYING smoky brown potion
  2822 | Abyss:1  | Cast into level 1 of the Abyss (kobold)
  2823 | Abyss:1  | 2823 ||| READING 2 scrolls labelled QAUNGECAFO.
  2824 | Abyss:1  | 2824 ||| DROPPING scroll of poison.
  2957 | Abyss:1  | Noticed an ancient zyme
  2958 | Abyss:1  | Noticed an orange demon
  2961 | Abyss:1  | Noticed a small abomination
  2966 | Abyss:1  | 2966 ||| INVOKING Berserk.
  2966 | Abyss:1  | HP: 15/61 [ancient zyme (3)]
  2967 | Abyss:1  | HP: 6/61 [orange demon (4)]
  2967 | Abyss:1  | Slain by an ancient zyme

Levels and vault maps discovered:
D:1:      lightli_arrival_isolated_outpost, layout_loops_cross,
          chequers_ecumenical_altar_simple
D:2:      layout_basic
D:3:      layout_loops_ring, mainiacjoe_overflow_chevrons
D:4:      layout_rooms, gammafunk_temple_overflow_statue, uniq_pikel
Abyss:1:  base:
Temple

Skill      XL: |  1  2  3  4  5  6  7 |
---------------+----------------------+-----
Axes           | 3 4 7 |  7.3
Throwing       | 1 |  1.4
Fighting       | |  3.3
Armour         | |  2.1
Dodging        | |  1.5

Action                   |  1- 3 |  4- 6 |  7- 9 || total
-------------------------+-------+-------+-------++-------
Melee: Hand axe          |    93 |    21 |    27 ||   141
Throw: Boomerang         |    16 |     9 |    23 ||    48
Invok: Berserk           |     1 |     1 |     2 ||     4
  Use: Scroll            |     2 |       |     4 ||     6
       Potion            |     1 |       |       ||     1
Armor: Animal skin       |    44 |     9 |     2 ||    55
       Ring mail         |       |       |    14 ||    14
Dodge: Dodged            |    63 |    10 |     8 ||    81

Table legend:
 A = Non-vault XP
 B = Vault XP
 C = Vault XP percentage of total XP
 D = Non-vault monster count
 E = Vault monster count
 F = Vault count percentage of total count
                 A         B        C        D         E       F
            +---------+---------+-------+---------+---------+-------
      Total |     200 |     641 |  76.2 |      46 |       1 |   2.1
            +---------+---------+-------+---------+---------+-------
        D:1 |      52 |       0 |   0.0 |      21 |       0 |   0.0
        D:2 |      49 |       0 |   0.0 |      14 |       0 |   0.0
        D:3 |       7 |       0 |   0.0 |       4 |       0 |   0.0
        D:4 |      92 |     641 |  87.4 |       7 |       1 |  12.5
            +---------+---------+-------+---------+---------+-------
